 Dungeon Crawl Stone Soup version 0.19.4-8-ga85b6b9 (webtiles) character file.

51 Lennu the Cudgeler (level 3, -1/29 HPs)
             Began as a Demonspawn Berserker on Feb 11, 2017.
             Was a Follower of Trog.
             Slain by a gnoll (8 damage)
             ... on level 2 of the Dungeon.
             The game lasted 00:03:03 (1748 turns).

Lennu the Cudgeler (Demonspawn Berserker)           Turns: 1748, Time: 00:03:04

Health: -1/29      AC:  2    Str: 18    XL:     3   Next: 57%
Magic:  3/3        EV: 15    Int:  8    God:    Trog [*.....]
Gold:   23         SH:  0    Dex: 12    Spells: 0 memorised, 2 levels left

rFire  . . .     SeeInvis .     a - +0 mace
rCold  . . .     Gourm    .     b - +0 animal skin
rNeg   . . .     Faith    .     (no shield)
rPois  .         Spirit   .     (no helmet)
rElec  .         Reflect  .     (no cloak)
rCorr  .         Harm     .     (no gloves)
MR     +....                    (no boots)
Stlth  +.........               (no amulet)
                                g - +3 ring of evasion
                                e - ring of protection from magic

@: no status effects
A: hooves 2
a: Berserk, Burn Spellbooks, Renounce Religion


You were on level 2 of the Dungeon.
You worshipped Trog.
Trog was aware of your devotion.
You were not hungry.

You visited 1 branch of the dungeon, and saw 2 of its levels.

You collected 23 gold pieces.

Inventory:

Hand Weapons
 a - a +0 mace (weapon)
Armour
 b - a +0 animal skin (worn)
Jewellery
 e - a ring of protection from magic (left hand)
 g - a +3 ring of evasion (right hand)
Scrolls
 f - a scroll of teleportation {unknown}
 j - 2 scrolls of remove curse {unknown}
 l - a scroll of amnesia {unknown}
 m - a scroll of recharging {unknown}
 o - 2 scrolls of identify {unknown}
Potions
 d - a potion of cure mutation {unknown}
 i - a potion of degeneration {unknown}
 k - 2 potions of agility {unknown}
 n - a potion of curing {unknown}
 q - a potion of brilliance {unknown}
Comestibles
 c - a bread ration
 h - 3 chunks of flesh
 p - a beef jerky


   Skills:
 * Level 3.4 Fighting
 * Level 3.5 Maces & Flails
 * Level 0.3 Throwing
 * Level 2.0 Armour
 * Level 2.0 Dodging


You had 2 spell levels left.
You didn't know any spells.

Dungeon Overview and Level Annotations

Branches:
Dungeon (2/15)

Altars:
Ashenzari
Cheibriados
Dithmenos
Fedhas
Kikubaaqudgha
Nemelex Xobeh
Qazlal


Innate Abilities, Weirdness & Mutations

You have hoof-like feet.


Message History

You hit the gnoll but do no damage. You kick the gnoll, but do no damage.
The gnoll barely misses you. x2
You closely miss the gnoll. Your kick misses the gnoll.
The gnoll barely misses you. The gnoll hits you with a spear.
You hit the gnoll.
The gnoll is heavily wounded.
The gnoll barely misses you. The gnoll hits you with a spear.
* * * LOW HITPOINT WARNING * * *
The gnoll closely misses you.
You sock the gnoll! You kick the gnoll.
You kill the gnoll!
Trog accepts your kill. The gnoll barely misses you.
You hit the gnoll. Your kick misses the gnoll.
The gnoll is heavily wounded.
The gnoll completely misses you. The gnoll closely misses you.
You hit the gnoll. You kick the gnoll, but do no damage.
The gnoll is heavily wounded.
The gnoll hits you!
You die...

)##.### ..... .....
#...# ##### #...#
##...## .g.###
##.....# #g##.##
##.......
#@#...####........
#........'....รท...
#.....####........
##.#.## ##.......
#.### ##.....# #.#
##...## #.# ##+##
#.# #.# #.


You could see 2 gnolls.

Vanquished Creatures
  A gnoll (D:2)
  An ooze (D:2)
  A worm (D:2)
  2 dart slugs
  A leopard gecko (D:2)
  A ball python (D:2)
  5 bats
  2 giant cockroaches (D:1)
  2 goblins (D:2)
  A hobgoblin (D:2)
  5 kobolds
  A frilled lizard (D:1)
  3 rats (D:1)
26 creatures vanquished.

Notes
Turn   | Place    | Note
-------+----------+-------------------------------------------
     0 | D:1      | Lennu the Demonspawn Berserker began the quest for the Orb.
     0 | D:1      | Reached XP level 1. HP: 18/18 MP: 1/1
   296 | D:1      | Gained mutation: You have large cloven feet. [demonic ancestry]
   296 | D:1      | Reached XP level 2. HP: 23/24 MP: 2/2
  1126 | D:2      | Gained mutation: You have hoof-like feet. [demonic ancestry]
  1126 | D:2      | Reached XP level 3. HP: 18/29 MP: 3/3
  1298 | D:2      | Found a sparkling altar of Nemelex Xobeh.
  1299 | D:2      | Found a stormy altar of Qazlal.
  1521 | D:2      | Found an ancient bone altar of Kikubaaqudgha.
  1527 | D:2      | Found a blossoming altar of Fedhas.
  1529 | D:2      | Found a snail-covered altar of Cheibriados.
  1531 | D:2      | Found a shadowy altar of Dithmenos.
  1533 | D:2      | Found a shattered altar of Ashenzari.
  1748 | D:2      | Slain by a gnoll

Skill      XL: |  1  2 |
---------------+-------+-----
Maces & Flails | 3 |  3.5
Dodging        | 2 |  2.0
Armour         | 2 |  2.0
Fighting       | |  3.4
Throwing       | |  0.3

Action                   || total
-------------------------++-------
Melee: Mace              ||    78
       Kick              ||    21
  Eat: Pizza             ||     1
       Chunk             ||     1
Armor: Animal skin       ||    19
Dodge: Dodged            ||    68
